cohdb
Replays
Latest Replays
All Replays
Popular Replays
Top Player Replays
Match Explorer
How It Works
Community
CoH3 Stats
Reddit
Sign in to upload your games and track your stats! →
Sign in with Steam
Match 41115762
Unlisted
Match 41115762
Overview
Messages
Build Orders
End
Construct Barracks
Selects Advanced Infantry Battlegroup
Riflemen Squad
Riflemen Squad
Riflemen Squad
Grenade Package
Selects Convert to Ranger Squad
Construct Medical Station
Infantry Support Center
Convert to Ranger Squad
Selects Frontline Medical Station
Convert to Ranger Squad
Advanced Logistics
Survival Training
Convert to Ranger Squad
Construct Motor Pool
Construct Motor Pool
M1 Mortar Team
Construct Tank Depot
Frontline Medical Station
Selects Infantry Assault
Selects Artillery Observers
M4A1 Sherman Medium Tank
Engineer Squad
Selects M2A1 105mm Howitzer Emplacement
M18 Hellcat Tank Destroyer
HelpingHans
Insurmountable Odds
Draken
Cpt. Colter Stevens
janemba914
jja9597
0
0
Comments
sign in to comment!
No comments posted yet!